 Dungeon Crawl Stone Soup version 0.22-a0-417-g1387785 (webtiles) character file.

109 Kairos the Shield-Bearer (level 4, 0/24 HPs)
             Began as a Vine Stalker Fighter on May 14, 2018.
             Killed by divine providence
             ... invoked by an orc priest
              (10 damage)
             ... on level 3 of the Dungeon.
             The game lasted 00:02:58 (1879 turns).

Kairos the Shield-Bearer (Vine Stalker Fighter)     Turns: 1879, Time: 00:02:58

Health: 0/24       AC:  6    Str: 20    XL:     4   Next: 90%
Magic:  0/5        EV:  7    Int:  8    God:
Gold:   150        SH:  9    Dex: 13    Spells: 3/3 levels left

rFire    . . .     SeeInvis .   a - +0 war axe
rCold    . . .     Gourm    .   c - +0 shield
rNeg     . . .     Faith    .   b - +0 scale mail
rPois    .         Spirit   +   (no helmet)
rElec    .         Reflect  .   (no cloak)
rCorr    .         Harm     .   (no gloves)
MR       .....                  (no boots)
Stlth    ..........             (no amulet)
HPRegen  0.48/turn              (no ring)
MPRegen  0.09/turn              (no ring)

@: drained
A: fangs 2, regeneration 1, magic shield, antimagic bite, no potion heal 3, rot
immunity
a: no special abilities


You were on level 3 of the Dungeon.
You were not hungry.

You visited 1 branch of the dungeon, and saw 3 of its levels.

You collected 150 gold pieces.

Inventory:

Hand Weapons
 a - a +0 war axe (weapon)
Armour
 b - a +0 scale mail (worn)
 c - a +0 shield (worn)
Scrolls
 e - 2 scrolls of remove curse {unknown}
 g - 2 scrolls of teleportation {unknown}
 h - a scroll of blinking {unknown}
 k - 2 scrolls of identify {unknown}
 l - a scroll of enchant armour {unknown}
Potions
 d - 2 potions of might
 i - 3 potions of magic {unknown}
 j - 2 potions of curing {unknown}
 m - a potion of flight {unknown}
Comestibles
 f - 2 rations


   Skills:
 + Level 3.2(3.0) Fighting
 + Level 2.3(2.1) Axes
 + Level 3.1(2.9) Armour
 + Level 0.5(0.3) Dodging
 + Level 3.5(3.3) Shields


You had 3 spell levels left.
You didn't know any spells.
Your spell library was empty.

Dungeon Overview and Level Annotations

Branches:
Dungeon (3/15)

Altars:


Innate Abilities, Weirdness & Mutations

You have extremely sharp teeth.
Your natural rate of healing is unusually fast.
When hurt, damage is shared between your health and your magic reserves.
Your bite disrupts and absorbs the magic of your enemies.
Potions cannot restore your health.
You are immune to rotting.


Message History

A kobold and an orc come into view.
You closely miss the orc priest.
The kobold shouts!
Your bite misses the orc priest.
The kobold moves out of view.
The orc priest closely misses you.
A centaur comes into view.
Your shield and scale mail prevent you from hitting the orc priest.
The centaur shouts!
Your bite misses the orc priest. You block the orc priest's attack.
The orc priest hits you but does no damage.
You closely miss the orc priest.
You bite the orc priest, but do no damage.
You hit the orc.
You kill the orc!
You closely miss the adder. You block the adder's attack.
The centaur wields a shortbow.
The centaur shoots an arrow.
The arrow hits you! You block the adder's attack.
The orc priest invokes the aid of Beogh against you.
Beogh smites you!
You die...

####...#### ####
#.........#.# ..
#.....#...........# ...
#.....#..........## #...
......#........... ....
#...............###.K#
..................oc##..
#.....#.†........)......
#........##....†@o#
.....#..#..#####S.#
######.##>## #..#
#...#....### #..#
#..........# #.#
#..........# ...
#..........# ...
#..........# ..
#..........#


You could see a centaur, an orc priest, an adder, an orc and a kobold.

Vanquished Creatures
  4 gnolls
  An adder (D:2)
  A dart slug (D:1)
  3 leopard geckos
  An orc (D:3)
  A giant cockroach (D:2)
  8 goblins
  4 hobgoblins
  8 jackals
  6 kobolds
  5 bats
  3 frilled lizards (D:1)
  11 rats
56 creatures vanquished.

Notes
Turn   | Place    | Note
-------+----------+-------------------------------------------
     0 | D:1      | Kairos the Vine Stalker Fighter began the quest for the Orb.
     0 | D:1      | Reached XP level 1. HP: 11/11 MP: 2/2
    90 | D:1      | Reached XP level 2. HP: 12/16 MP: 1/3
   440 | D:1      | Reached XP level 3. HP: 19/19 MP: 4/4
  1462 | D:1      | Gained mutation: Your natural rate of healing is unusually fast. [Vine Stalker growth]
  1462 | D:1      | Reached XP level 4. HP: 5/23 MP: 2/5
  1878 | D:3      | Noticed a centaur
  1879 | D:3      | Killed from afar by an orc priest

Vault maps used:
D:1:      minmay_arrival_glassed_features, hangedman_decor_opposing,
          minmay_quantized
D:3:      chequers_ecumenical_altar_grove

Skill      XL: |  1  2  3  4 |
---------------+-------------+-----
Shields        | 3 |  3.5
Axes           | 2 |  2.3
Armour         | 3 |  3.1
Fighting       | 3 |  3.2
Dodging        | |  0.5

Action                   |  1- 3 |  4- 6 || total
-------------------------+-------+-------++-------
Melee: War axe           |    99 |    44 ||   143
       Bite              |    23 |    13 ||    36
  Eat: Chunk             |       |     3 ||     3
Armor: Scale mail        |    69 |    23 ||    92
Dodge: Dodged            |    35 |    15 ||    50
Block: Shield            |    57 |    31 ||    88

Table legend:
 A = Spawn XP
 B = Non-spawn XP
 C = Spawn XP percentage of total XP
 D = Spawn monster count
 E = Non-spawn monster count
 F = Spawn count percentage of total count
 G = Total turns spent on level
                    A         B        C        D         E        F      G
               +---------+---------+-------+---------+---------+-------+---------
         Total |       0 |     157 |   0.0 |       0 |      56 |   0.0 |  1879
               +---------+---------+-------+---------+---------+-------+---------
           D:1 |       0 |      77 |   0.0 |       0 |      31 |   0.0 |  1245
           D:2 |       0 |      73 |   0.0 |       0 |      21 |   0.0 |   602
           D:3 |       0 |       7 |   0.0 |       0 |       4 |   0.0 |    32
               +---------+---------+-------+---------+---------+-------+---------
